 Dungeon Crawl Stone Soup version 0.27.1-33-g824d729ab1 (webtiles) character file.

Game seed: 11744307749551961268

165 demibob the Ruffian (level 5, -1/50 HPs)
             Began as a Troll Chaos Knight on Dec 17, 2021.
             Was a Plaything of Xom.
             Slain by Pikel (3 damage)
             ... on level 4 of the Dungeon.
             The game lasted 00:04:58 (2187 turns).

demibob the Ruffian (Troll Chaos Knight)            Turns: 2187, Time: 00:04:59

Health: -1/50      AC:  6    Str: 20    XL:     5   Next: 21%
Magic:  0/4        EV:  1    Int:  8    God:    Xom [...*..]
Gold:   75         SH:  0    Dex: -2 (10) Spells: 4/4 levels left

rFire    . . .     SeeInvis .     - Unarmed
rCold    + . .     Faith    .   (no shield)
rNeg     . . .     Spirit   +   a - +2 robe
rPois    .         Reflect  .   (helmet restricted)
rElec    .         Harm     .   (no cloak)
rCorr    .         Rampage  .   (gloves unavailable)
Will     .....                  (boots unavailable)
Stlth    ..........             e - amulet of guardian spirit
HPRegen  1.16/turn              C - ring of protection from cold
MPRegen  0.09/turn              (no ring)

@: slowed, lost dexterity, very slow
A: large, unfitting armour, claws 3, regeneration 1, shaggy fur 1, tough skin 1
a: Renounce Religion


You were on level 4 of the Dungeon.
You worshipped Xom.
You were a favourite toy of Xom.
You visited 1 branch of the dungeon, and saw 4 of its levels.

You collected 75 gold pieces.


Innate Abilities, Weirdness & Mutations

You are too large for most types of armour.
You have claws for hands.
Your natural rate of healing is unusually fast.
You are covered in fur. (AC +1)
You have tough skin. (AC +1)


   Skills:
 - Level 2.4 Fighting
 - Level 1.9 Dodging
 + Level 6.0 Unarmed Combat


You had 4 spell levels left.
You didn't know any spells.
Your spell library contained the following spells:

 Spells                   Type           Power      Damage    Failure   Level
 Corpse Rot               Necr/Air       N/A        N/A       54%         2
 Poisonous Vapours        Pois/Air       0%         N/A       54%         2
 Portal Projectile        Hex/Tloc       0%         N/A       78%         3
 Petrify                  Tmut/Erth      0%         N/A       99%         4
 Blade Hands              Tmut           0%         N/A       100%        5
 Excruciating Wounds      Necr           0%         N/A       100%        5
 Freezing Cloud           Conj/Ice/Air   0%         6-21      100%        5
 Metabolic Englaciation   Hex/Ice        0%         N/A       100%        5
 Statue Form              Tmut/Erth      0%         N/A       100%        6

Inventory:

Armour
 a - a +2 robe (worn)
Jewellery
 e - an amulet of guardian spirit (around neck)
 C - a ring of protection from cold (left claw)
 R - a ring of resist corrosion

Dungeon Overview and Level Annotations

Branches:
Dungeon (4/15)
 Temple: D:4-7

Altars:

Shops:
D:1 !

Annotations:
D:3 JamezByez's ghost, amateur DEEE
D:4 Pikel

#.......# #.#####.#
#.#####.#######.
#.##............
#.##.##.#######.
#.......# #.......#
#####.#.##.#
#.......##@#
#.##..#.##K#
#.##..#.##5########..#
#.#.....>.J5..5.......
#.#.###.###..▒.K......
#.#.###.# #.▒▒..≈≈5...
#.......###.▒▒.≈..≈...
###........▒▒≈≈≈..≈..≈
#..##....▒ ≈≈..≈..≈.


You could see Pikel, 2 lemures and an endoplasm.


Message History

* * * LOW HITPOINT WARNING * * *
The lemure hits you.
* * * LOW HITPOINT WARNING * * *
You claw the lemure!
You kill the lemure!
That felt strangely unrewarding.
The goblin hits you but does no damage.
You closely miss the goblin. The goblin hits you but does no damage.
You closely miss the goblin. The goblin hits you but does no damage.
You closely miss the goblin. The goblin hits you but does no damage.
The goblin hits you with a +0 dagger.
* * * LOW HITPOINT WARNING * * *
You barely miss the goblin. The goblin hits you but does no damage.
You closely miss the goblin. The goblin hits you but does no damage.
You completely miss the goblin. The goblin hits you with a +0 dagger.
* * * LOW HITPOINT WARNING * * *
The goblin hits you with a +0 dagger.
* * * LOW HITPOINT WARNING * * *
You closely miss the goblin. The goblin hits you with a +0 dagger.
* * * LOW HITPOINT WARNING * * *
You claw the goblin!
You kill the goblin!
Pikel says, "You'll make a fine lemure."
You miss Pikel.
Pikel hits you with a +1 whip of electrocution.
* * * LOW HITPOINT WARNING * * *
You are electrocuted!!
* * * LOW HITPOINT WARNING * * *
Pikel hits you with a +1 whip of electrocution.
You die...
Xom is highly amused!

Skill      XL: |  1  2  3  4  5 |
---------------+----------------+-----
Unarmed Combat | 4 5 6 |  6.0
Fighting       | |  2.4
Dodging        | |  1.9

Action                   |  1- 3 |  4- 6 || total
-------------------------+-------+-------++-------
Melee: Unarmed           |   122 |    87 ||   209
       Punch             |     1 |       ||     1
  Use: Scroll            |     1 |     2 ||     3
       Potion            |       |     5 ||     5
 Stab: Sleeping          |     1 |       ||     1
Armor: Robe              |    60 |   301 ||   361
Dodge: Dodged            |    48 |    78 ||   126

Levels and vault maps discovered:
D:1:      dpeg_arrival_water_fire, layout_basic, ebering_ecumenical_altar_mist,
          serial_shops, nicolae_shop_waterfront
D:2:      layout_basic
D:3:      layout_rooms, gammafunk_ghost_stat_death, serial_corexii_hall,
          corexii_hall_statues_x, corexii_hall_statues_l,
          chequers_hall_statues_y, corexii_hall_statues_x
D:4:      cheibrodos_helix_gallery, layout_loops_cross,
          nzn_hepliaklqana_mist_gate, minmay_close_crescents, uniq_pikel

Notes
Turn   | Place    | Note
-------+----------+-------------------------------------------
     0 | D:1      | demibob the Troll Chaos Knight began the quest for the Orb.
     0 | D:1      | Reached XP level 1. HP: 22/22 MP: 0/0
    94 | D:1      | Found a faded altar of an unknown god.
   119 | D:1      | Reached XP level 2. HP: 27/29 MP: 1/1
   175 | D:1      | Reached skill level 4 in Unarmed Combat
   290 | D:1      | Reached XP level 3. HP: 36/36 MP: 2/2
   293 | D:1      | Found Fisuf's Distillery.
   804 | D:2      | XOM is BORED!
   804 | D:2      | XOM: silly message
   992 | D:2      | You fall into a shaft and drop 1 floor!
  1003 | D:3      | Found a transporter.
  1017 | D:3      | Noticed JamezByez's ghost (amateur DEEE)
  1119 | D:3      | Found a transporter.
  1185 | D:3      | Reached skill level 5 in Unarmed Combat
  1185 | D:3      | Reached XP level 4. HP: 44/44 MP: 3/3
  1263 | D:3      | XOM is BORED!
  1263 | D:3      | XOM: silly message
  1399 | D:3      | XOM: silly message
  1531 | D:3      | XOM: divination: magic mapping
  1545 | D:3      | XOM is BORED!
  1545 | D:3      | XOM: noise
  1599 | D:3      | XOM: noise
  1619 | D:3      | XOM: enchant monster (bad)
  1633 | D:3      | Lost dexterity.
  1651 | D:3      | Reached XP level 5. HP: 26/50 MP: 1/4
  1894 | D:4      | Noticed a lemure
  1894 | D:4      | Noticed a lemure
  1943 | D:4      | Noticed Pikel
  1943 | D:4      | Noticed a lemure
  2083 | D:4      | Reached skill level 6 in Unarmed Combat
  2178 | D:4      | Killed a lemure
  2187 | D:4      | HP: 2/50 [Pikel (19)]
  2187 | D:4      | Slain by Pikel

Vanquished Creatures
  A lemure (D:4)
  2 quasits (D:3)
  2 adders (D:3)
  A howler monkey skeleton (D:4)
  2 worms
  4 orcs
  7 endoplasms
  A giant cockroach (D:1)
  10 hobgoblins
  3 jackals (D:2)
  2 quokkas (D:1)
  3 ball pythons
  4 bats
  4 frilled lizards (D:1)
  5 goblins
  7 kobolds
  A quokka skeleton (D:4)
  5 rats (D:1)
64 creatures vanquished.

Table legend: (Time is in decaauts)
 A = Elapsed time spent in this place.
 B = Non-inter-level travel time spent in this place.
 C = Inter-level travel time spent in this place.
 D = Time resting spent in this place.
 E = Time spent auto-exploring this place.
 F = Levels seen in this place.
 G = Mean time per level.
                   A        B        C        D        E       F      G
               +--------+--------+--------+--------+--------+-----+--------+
         Total |   2453 |   2298 |    155 |    404 |   1356 |   4 |  613.2 |
       Dungeon |   2453 |   2298 |    155 |    404 |   1356 |   4 |  613.2 |
               +--------+--------+--------+--------+--------+-----+--------+

Top non-repeatable levels by time:
     D:3: 1177 daAuts
     D:1: 604 daAuts
     D:2: 383 daAuts
     D:4: 288 daAuts

Table legend:
 A = Non-vault XP
 B = Vault XP
 C = Vault XP percentage of total XP
 D = Non-vault monster count
 E = Vault monster count
 F = Vault count percentage of total count
                 A         B        C        D         E       F
            +---------+---------+-------+---------+---------+-------
      Total |     144 |      92 |  39.0 |      60 |       3 |   4.8
            +---------+---------+-------+---------+---------+-------
        D:1 |      53 |       0 |   0.0 |      33 |       0 |   0.0
        D:2 |      18 |       0 |   0.0 |       8 |       0 |   0.0
        D:3 |      51 |      90 |  63.8 |      13 |       2 |  13.3
        D:4 |      22 |       2 |   8.3 |       6 |       1 |  14.3
            +---------+---------+-------+---------+---------+-------
